 Dungeon Crawl Stone Soup version 0.30-a0-591-g3c58d2bc28 (webtiles) character file.

Game seed: 8814956571795428431

3838 Lianjan the Fighter (level 10, -1/110 HPs)
             Began as an Ogre Fire Elementalist on Jan 5, 2023.
             Was a Follower of Vehumet.
             Slain by a vampire (9 damage)
             ... on level 9 of the Dungeon.
             The game lasted 00:33:08 (12714 turns).

Lianjan the Fighter (Ogre Fire Elementalist)       Turns: 12714, Time: 00:33:09

Health: -1/110     AC:  6    Str: 14    XL:     10   Next: 18%
Magic:  5/17       EV:  8    Int: 26    God:    Vehumet [*.....]
Gold:   476        SH:  8    Dex:  9    Spells: 8/19 levels left

rFire   + . .      SeeInvis .    A - +8 spear "Pylaelo" {elec, rF+}
rCold   . . .      Faith    .    u - +0 kite shield
rNeg    . . .      Spirit   .    J - +0 steam dragon scales
rPois   .          Reflect  .    (helmet restricted)
rElec   .          Harm     .    (no cloak)
rCorr   .          Rampage  .    (gloves unavailable)
Will    +....                    (boots unavailable)
Stlth   +                        (no amulet)
HPRegen 0.38/turn                a - +6 ring of intelligence
MPRegen 0.15/turn                (no ring)

@: no status effects
A: large, unfitting armour, tough skin 1
a: Renounce Religion


You were on level 9 of the Dungeon.
You worshipped Vehumet.
Vehumet was aware of your devotion.
You visited 2 branches of the dungeon, and saw 10 of its levels.

You collected 476 gold pieces.

Inventory:

Hand Weapons
 m - a +3 short sword
 w - a +0 dagger of venom
 A - the +8 spear "Pylaelo" (weapon) {elec, rF+}
   (You found it on level 4 of the Dungeon)

   rF:        It protects you from fire.
 K - the +7 sling of Context {drain, rF+++ rC++ Str-3 Dex-5}
   (You found it on level 8 of the Dungeon)

   Str:       It affects your strength (-3).
   Dex:       It affects your dexterity (-5).
   rF:        It renders you almost immune to fire.
   rC:        It greatly protects you from cold.
Missiles
 c - 61 stones
 k - 12 poisoned darts
 l - 6 atropa-tipped darts
 I - 4 boomerangs
Armour
 u - a +0 kite shield (worn)
 J - +0 steam dragon scales (worn)
Jewellery
 a - a +6 ring of intelligence (left hand)
 y - a +6 ring of intelligence
Wands
 C - a wand of charming (4)
 M - a wand of digging (2)
Scrolls
 h - a scroll of fog
 j - a scroll of vulnerability
 o - 4 scrolls of teleportation
 p - a scroll of torment
 q - 5 scrolls of identify {unknown}
 r - 2 scrolls of butterflies {unknown}
 v - a scroll of immolation {unknown}
 x - a scroll of noise {unknown}
 z - 3 scrolls of poison {unknown}
 F - a scroll of magic mapping {unknown}
 G - a scroll of amnesia {unknown}
 H - 2 scrolls of enchant weapon {unknown}
 L - 2 scrolls of fear {unknown}
Potions
 b - a potion of magic
 d - 3 potions of berserk rage {unknown}
 e - 6 potions of might {unknown}
 f - 5 potions of heal wounds {unknown}
 i - 2 potions of flight {unknown}
 n - 3 potions of curing {unknown}
 s - 3 potions of lignification {unknown}
 t - 3 potions of mutation {unknown}
 B - 2 potions of brilliance {unknown}
 D - a potion of degeneration {unknown}
 E - a potion of resistance {unknown}


   Skills:
 - Level 10.0 Fighting
 - Level 1.7 Dodging
 - Level 1.4 Stealth
 - Level 5.0 Shields
 - Level 5.0 Spellcasting
 + Level 5.6 Conjurations
 - Level 8.0 Fire Magic


You had 8 spell levels left.
You knew the following spells:

 Your Spells              Type           Power      Damage    Failure   Level
a - Foxfire               Conj/Fire      100%       2x1d9     1%          1
b - Scorch                Fire           96%        2d10      1%          2
c - Kindle Blastsparks    Fire/Tloc/Air  40%        2d13      17%         3
d - Flame Wave            Conj/Fire      41%        2d11      11%         4
e - Shock                 Conj/Air       84%        1d8       5%          1

Your spell library contained the following spells:

 Spells                   Type           Power      Damage    Failure   Level
 Inner Flame              Hex/Fire       27%        N/A       10%         3


Dungeon Overview and Level Annotations

Branches:
Dungeon (9/15)             Temple (1/1) D:6            Lair (0/5) D:8
    Orc: D:9-12

Altars:
Ashenzari
Cheibriados
Dithmenos
Fedhas
Gozag
Hepliaklqana
Kikubaaqudgha
Makhleb
Nemelex Xobeh
Okawaru
Qazlal
Sif Muna
Trog
Uskayaw
Vehumet
Wu Jian
Xom
Yredelemnul
Zin
The Shining One

Shops:
D:4 =

Annotations:
D:5 3 runed translucent doors, osoart's ghost, novice DsNe
D:8 2 transporters, Iich's ghost, novice DsBe


Innate Abilities, Weirdness & Mutations

You are too large for most types of armour.
You have tough skin. (AC +1)


Message History

* * * LOW HITPOINT WARNING * * *
The vampire draws strength from your injuries!
The vampire mumbles some strange words.
The vampire flickers and vanishes!
Deactivating autopickup; reactivate with Ctrl-A.
You're too confused to move!
Something hits you.
* * * LOW HITPOINT WARNING * * *
Something bites you but does no damage.
You feel less confused. Something hits you.
* * * LOW HITPOINT WARNING * * *
Something bites you.
* * * LOW HITPOINT WARNING * * *
Something draws strength from your injuries!
Casting: Foxfire (safe; 1% risk of failure)
Confirm with . or Enter, or press ? or * to list all spells.
You can't see any susceptible monsters within range! (Use Z to cast anyway.) Unknown command.
Casting: Foxfire (safe; 1% risk of failure)
Confirm with . or Enter, or press ? or * to list all spells.
You can't see any susceptible monsters within range! (Use Z to cast anyway.)
There is a strange disturbance nearby!
Casting: Foxfire (safe; 1% risk of failure)
Confirm with . or Enter, or press ? or * to list all spells.
Casting: Flame Wave (dangerous; 11% risk of failure)
Press: ? - help, Dir - look around, f - activate A wave of flame ripples out!
The flame wave engulfs something! (Press . to intensify the flame waves.)
You hear a shout!
You block something's attack. Something bites you.
* * * LOW HITPOINT WARNING * * *
Something draws strength from your injuries!
Casting: Flame Wave (dangerous; 11% risk of failure)
Confirm with . or Enter, or press ? or * to list all spells.
Restarting spell: Flame Wave (dangerous; 11% risk of failure)
Press: ? - help, Dir - look around, f - activate A wave of flame ripples out!
The flame wave engulfs something! (Press . to intensify the flame waves.)
You block something's attack. Something bites you!
You die...

#.....
#....
#...#
#..$#
#...#
#.>.#
#...#
######..{#
........@#
######..}#
#...#
#..(#
#...#
#...#
#...#
#...#


There were no monsters in sight!

Vanquished Creatures
  A hornet (D:8)
  Eustachio (D:5)
  A steam dragon (D:6)
  A wyvern (D:8)
  Edmund (D:5)
  4 water moccasins
  An acid dragon (D:8)
  A sky beast (D:6)
  2 black bears (D:7)
  3 ice beasts
  2 ogres (D:5)
  A centaur (D:8)
  A phantom (D:6)
  2 bullfrogs (D:8)
  2 scorpions
  12 killer bees
  2 howler monkeys (D:6)
  5 hounds
  A jelly (D:6)
  4 gnoll boudas
  An iguana (D:4)
  4 orc wizards
  Robin (D:4)
  8 adders
  26 gnolls
  A shadow imp (D:5)
  3 ufetubi
  A dart slug (D:1)
  16 orcs
  7 ball pythons
  6 endoplasms
  A giant cockroach (D:2)
  12 goblins
  10 hobgoblins
  5 jackals
  8 quokkas
  7 bats
  6 frilled lizards
  6 kobolds
  6 rats
183 creatures vanquished.

Vanquished Creatures (collateral kills)
  A foxfire (D:1)
1 creature vanquished.

Vanquished Creatures (others)
  A gnoll (D:7)
  553 foxfires
554 creatures vanquished.

Grand Total: 738 creatures vanquished

Notes
Turn   | Place    | Note
-------+----------+-------------------------------------------
     0 | D:1      | Lianjan the Ogre Fire Elementalist began the quest for the
                  | Orb.
     0 | D:1      | Reached XP level 1. HP: 16/16 MP: 3/3
   524 | D:1      | Reached XP level 2. HP: 22/24 MP: 0/6
   681 | D:1      | Learned a level 2 spell: Scorch
  1975 | D:1      | Reached XP level 3. HP: 31/31 MP: 5/8
  2863 | D:2      | Reached XP level 4. HP: 39/39 MP: 2/10
  3161 | D:2      | Reached skill level 5 in Spellcasting
  3280 | D:2      | Found a burning altar of Makhleb.
  3423 | D:3      | Found a faded altar of an unknown god.
  4169 | D:3      | Found an iron altar of Okawaru.
  4234 | D:3      | Reached XP level 5. HP: 45/45 MP: 5/12
  4968 | D:4      | Noticed Robin
  4983 | D:4      | Killed Robin
  5450 | D:4      | Identified the +8 spear "Pylaelo" {elec, rF+}
  5920 | D:4      | Found Unet's Jewellery Shoppe.
  6037 | D:4      | Reached XP level 6. HP: 45/53 MP: 7/13
  6098 | D:4      | Reached skill level 5 in Fire Magic
  6293 | D:4      | Found a hazy altar of Hepliaklqana.
  6478 | D:4      | Found a shadowy altar of Dithmenos.
  6478 | D:4      | Found an opulent altar of Gozag.
  6525 | D:5      | Entered Level 5 of the Dungeon
  6926 | D:5      | Reached XP level 7. HP: 55/59 MP: 9/14
  6990 | D:5      | Noticed Eustachio
  7002 | D:5      | Killed Eustachio
  7618 | D:5      | Noticed Edmund
  7631 | D:5      | Killed Edmund
  7782 | D:5      | Reached XP level 8. HP: 67/67 MP: 10/15
  7878 | D:5      | Noticed osoart's ghost (novice DsNe)
  7879 | D:5      | Found a runed translucent gate.
  7879 | D:5      | Found a runed translucent gate.
  7879 | D:5      | Found a runed translucent gate.
  7880 | D:5      | Identified the +3 dagger "Hellblazer" {freeze, rPois
                  | Stlth+}
  8066 | D:6      | Reached skill level 1 in Conjurations
  8498 | D:6      | Reached skill level 2 in Fighting
  8498 | D:6      | Reached skill level 1 in Shields
  8719 | D:6      | Reached skill level 3 in Fighting
  8816 | D:6      | Reached skill level 4 in Fighting
  8893 | D:6      | Reached skill level 5 in Fighting
  9033 | D:6      | Found a staircase to the Ecumenical Temple.
  9105 | Temple   | Entered the Ecumenical Temple
  9114 | Temple   | Became a worshipper of Vehumet
  9593 | D:6      | Learned a level 3 spell: Kindle Blastsparks
  9622 | D:6      | Reached skill level 6 in Fighting
  9622 | D:6      | Reached XP level 9. HP: 73/89 MP: 6/16
 10352 | D:7      | Reached skill level 7 in Fighting
 10767 | D:7      | Reached skill level 5 in Shields
 10967 | D:7      | Reached * piety under Vehumet
 10967 | D:7      | Offered knowledge of Shock by Vehumet.
 10968 | D:7      | Reached skill level 8 in Fighting
 10976 | D:7      | Learned a level 4 spell: Flame Wave
 11010 | D:7      | Reached skill level 9 in Fighting
 11666 | D:8      | Noticed a hornet
 11686 | D:8      | Reached skill level 10 in Fighting
 11927 | D:8      | Paralysed by a hornet for 2 turns
 11931 | D:8      | Killed a hornet
 11932 | D:8      | Reached XP level 10. HP: 78/110 MP: 10/17
 12052 | D:8      | Learned a level 1 spell: Shock
 12087 | D:8      | Found a transporter.
 12089 | D:8      | Noticed a boulder beetle
 12090 | D:8      | Noticed Iich's ghost (novice DsBe)
 12103 | D:8      | Identified the +7 sling of Context {drain, rF+++ rC++ Str-3
                  | Dex-5}
 12167 | D:8      | Found a staircase to the Lair.
 12267 | D:8      | Reached skill level 5 in Conjurations
 12434 | D:8      | Found a transporter.
 12554 | D:9      | Found an ancient bone altar of Kikubaaqudgha.
 12714 | D:9      | Slain by a vampire

Illustrated notes

Levels and vault maps discovered:
D:1:      nagdon_arrival_double_spiral, layout_loops_ring,
          grunt_decor_mini_mirrors, serial_park_tiny_2
D:2:      layout_rooms, basic_altar
D:3:      layout_basic, okawaru_metal_pillars_1_2, serial_aquarium,
          aquarium_bridge_long_separate [aquarium_subvault_bridge,
          aquarium_subvault_bridge, aquarium_subvault_bridge,
          aquarium_subvault_wall, aquarium_subvault_bridge,
          aquarium_subvault_wall], aquarium_window_2, aquarium_window_1,
          aquarium_view_2b, aquarium_view_2d, aquarium_pool_2,
          ebering_ecumenical_altar_sacrificial
D:4:      kennysheep_six_static_rooms, layout_basic,
          nicolae_hepliaklqana_hippocampus, gammafunk_temple_overflow_pools,
          serial_shops, shop_fountains, uniq_robin
D:5:      layout_basic, biasface_ghost_orc_armoury, uniq_eustachio, uniq_edmund
D:6:      layout_loops_ring, temple_pool_b, minivault_22, hex_tiny,
          roderic_roman_lattice, minivault_1, grunt_ministairs_6,
          hangedman_abyss_or_decor_stabs
D:7:      layout_basic
D:8:      layout_rooms, dpeg_oklobed_lair, gammafunk_ghost_arena
D:9:      minmay_chambers_of_sixes, layout_long_grid, elyvilon_altar_3,
          tgw_kikubaaqudgha, enter_bailey_7, minivault_24, minmay_st_funbox,
          minmay_crystal_room
Temple:   hellmonk_temple_two_chambers

Skill      XL: |  1  2  3  4  5  6  7  8  9 10 |
---------------+-------------------------------+-----
Spellcasting   | 3 4 5 |  5.0
Fire Magic     | 3 4 6 7 8 |  8.0
Conjurations   | 2 4 5 |  5.6
Fighting       | 6 10 | 10.0
Shields        | 3 5 |  5.0
Dodging        | |  1.7
Stealth        | |  1.4

Action                   |  1- 3 |  4- 6 |  7- 9 | 10-12 || total
-------------------------+-------+-------+-------+-------++-------
Melee: Unarmed           |     1 |       |       |       ||     1
       Short sword       |       |     4 |       |       ||     4
       Spear             |       |     8 |    25 |     7 ||    40
Throw: Dart              |       |     6 |     2 |       ||     8
 Cast: Foxfire           |    86 |   131 |    91 |    24 ||   332
       Scorch            |     3 |    32 |    93 |     1 ||   129
       Kindle Blastspark |       |       |    11 |       ||    11
       Flame Wave        |       |       |     1 |     5 ||     6
Evoke: Wand              |       |       |     4 |       ||     4
  Use: Scroll            |       |       |       |     5 ||     5
 Stab: Sleeping          |       |       |     1 |       ||     1
Armor: Robe              |    11 |     2 |       |       ||    13
       Animal skin       |       |     3 |     5 |       ||     8
       Steam dragon scal |       |       |    32 |     8 ||    40
Dodge: Dodged            |    21 |    25 |    47 |    11 ||   104
Block: Kite shield       |       |    10 |    39 |     8 ||    57

Table legend: (Time is in decaauts)
 A = Elapsed time spent in this place.
 B = Non-inter-level travel time spent in this place.
 C = Inter-level travel time spent in this place.
 D = Time resting spent in this place.
 E = Time spent auto-exploring this place.
 F = Levels seen in this place.
 G = Mean time per level.
                   A        B        C        D        E       F      G
               +--------+--------+--------+--------+--------+-----+--------+
         Total |  12731 |  12241 |    490 |   3826 |   6798 |  10 | 1273.1 |
       Dungeon |  12704 |  12220 |    484 |   3826 |   6787 |   9 | 1411.6 |
        Temple |     26 |     21 |      5 |      0 |     11 |   1 |   26.0 |
               +--------+--------+--------+--------+--------+-----+--------+

Top non-repeatable levels by time:
     D:1: 2622 daAuts
     D:7: 2176 daAuts
     D:5: 1584 daAuts
     D:4: 1584 daAuts
     D:3: 1506 daAuts
     D:6: 1434 daAuts
     D:2: 925 daAuts
     D:8: 747 daAuts
     D:9: 124 daAuts
  Temple: 26 daAuts
